 Dungeon Crawl Stone Soup version 0.25-a0-834-g55863b0b92 (webtiles) character file.

Game seed: 16515322856717123975, levelgen mode: deterministic

144 Esekla the Magician (level 5, -6/28 HPs)
             Began as a Tengu Venom Mage on Apr 22, 2020.
             Was an Initiate of Vehumet.
             Mangled by an ogre
             ... wielding a +0 giant club
              (15 damage)
             ... on level 3 of the Dungeon.
             The game lasted 00:16:34 (2543 turns).

Esekla the Magician (Tengu Venom Mage)              Turns: 2543, Time: 00:16:34

Health: -6/28      AC:  7    Str:  9    XL:     5   Next: 27%
Magic:  4/11       EV: 12    Int: 16    God:    Vehumet [......]
Gold:   90         SH:  0    Dex: 14    Spells: 5/11 levels left

rFire    . . .     SeeInvis .   i - +0 short sword
rCold    . . .     Gourm    .   (no shield)
rNeg     . . .     Faith    +   e - +0 leather armour (curse)
rPois    .         Spirit   .   (helmet restricted)
rElec    .         Reflect  .   g - +0 cloak
rCorr    .         Harm     .   m - +2 pair of gloves
MR       .....                  (boots unavailable)
Stlth    ++........             n - amulet of faith
HPRegen  0.09/turn              (no ring)
MPRegen  0.12/turn              (no ring)

@: very slightly contaminated
A: beak, talons 3, able to fly
a: Fly, Renounce Religion


You were on level 3 of the Dungeon.
You worshipped Vehumet.
Vehumet was noncommittal.
You were hungry.

You visited 1 branch of the dungeon, and saw 3 of its levels.

You collected 90 gold pieces.

Inventory:

Hand Weapons
 i - a +0 short sword (weapon)
 o - a +0 trident
Missiles
 h - 8 poisoned darts (quivered)
 j - 5 boomerangs
Armour
 a - a +0 robe
 e - a cursed +0 leather armour (worn)
 g - a +0 cloak (worn)
 m - a +2 pair of gloves (worn)
Jewellery
 n - an amulet of faith (around neck)
 p - an uncursed amulet of regeneration {unknown}
Scrolls
 b - 2 scrolls of identify {unknown}
 d - 2 scrolls of remove curse {unknown}
 f - a scroll of amnesia {unknown}
 k - a scroll of enchant weapon {unknown}
Potions
 l - a potion of curing {unknown}
Comestibles
 c - 2 rations


   Skills:
 + Level 0.9 Short Blades
 * Level 1.4 Armour
 * Level 3.0 Dodging
 - Level 2.0 Stealth
 * Level 3.7 Spellcasting
 * Level 1.2 Conjurations
 - Level 0.7 Transmutations
 * Level 1.9 Air Magic
 - Level 3.0 Poison Magic


You had 5 spell levels left.
You knew the following spells:

 Your Spells              Type           Power        Failure   Level  Hunger
a - Sting                 Tmut/Pois      #...         11%         1    None
b - Poisonous Vapours     Pois/Air       ##....       13%         2    ##.....
c - Mephitic Cloud        Conj/Pois/Air  #.......     30%         3    ###....

Your spell library contained the following spells:

 Spells                   Type           Power        Failure   Level  Hunger
 Ignite Poison            Fire/Tmut/Pois #.......     41%         3    ###....
 Olgreb's Toxic Radiance  Pois           ##......     56%         4    ####...


Dungeon Overview and Level Annotations

Branches:
Dungeon (3/15)

Altars:
Vehumet


Innate Abilities, Weirdness & Mutations

You have a beak for a mouth.
You have claws for feet.
You can fly continuously.


Message History

Confirm with . or Enter, or press ? or * to list all spells.
Aiming: Poisonous Vapours (safe; 13% risk of failure)
Press: ? - help, Dir - move target cursor, f/p - ogre
Aim: an ogre, wielding a +0 giant club (heavily wounded, poisoned, confused) Poisonous vapours surround the ogre!
A jackal comes into view.
The ogre is engulfed in poison gas.
The ogre looks even sicker.
Casting: Poisonous Vapours (safe; 13% risk of failure)
Confirm with . or Enter, or press ? or * to list all spells.
Aiming: Poisonous Vapours (safe; 13% risk of failure)
Press: ? - help, Dir - move target cursor, f/p - ogre
Aim: an ogre, wielding a +0 giant club (severely wounded, very poisoned, confused)
You miscast Poisonous Vapours.
You are very lightly contaminated with residual magic.
Nothing appears to happen.
You hit the ogre.
The ogre is almost dead.
The ogre hits you with a +0 giant club!
Ouch! That really hurt!
You die...

# #.##s# #.# #..
#.##.##.# #.# #..
#.......# #.# # #.#
#.####.####.#.#
#.#.#
#.>...#.....#.#
.#S##
######.######.# ...
#.# #.# #.#
#.######.########<#
#.O@.........[....#
#####.......#######
#.§§°...# #.○._..##
##.○...# #.○..○#
###.#... #.###.#
..# .#


You could see an ogre (confused).

Vanquished Creatures
  Natasha (twice) (D:2)
  3 adders
  An ooze (D:2)
  3 worms (D:2)
  2 dart slugs (D:1)
  2 leopard geckos
  3 orcs (D:2)
  6 bats
  7 giant cockroaches
  8 goblins
  2 hobgoblins (D:2)
  A quokka (D:2)
  3 frilled lizards
  5 kobolds
  3 rats
51 creatures vanquished.

Notes
Turn   | Place    | Note
-------+----------+-------------------------------------------
     0 | D:1      | Esekla the Tengu Venom Mage began the quest for the Orb.
     0 | D:1      | Reached XP level 1. HP: 10/10 MP: 4/4
   451 | D:1      | Reached XP level 2. HP: 9/15 MP: 3/6
   512 | D:1      | Learned a level 2 spell: Poisonous Vapours
   784 | D:2      | Reached skill level 1 in Armour
   930 | D:2      | Reached XP level 3. HP: 19/19 MP: 4/8
   935 | D:2      | Learned a level 3 spell: Mephitic Cloud
  1174 | D:2      | Reached skill level 1 in Air Magic
  1696 | D:1      | Reached XP level 4. HP: 24/24 MP: 6/9
  1846 | D:1      | Reached skill level 1 in Conjurations
  2150 | D:2      | Noticed Natasha
  2152 | D:2      | Killed Natasha
  2375 | D:2      | Noticed Natasha
  2381 | D:2      | Killed Natasha
  2381 | D:2      | Gained mutation: You can fly continuously. [Tengu growth]
  2381 | D:2      | Reached XP level 5. HP: 23/28 MP: 4/11
  2477 | D:3      | Found a radiant altar of Vehumet.
  2506 | D:3      | Became a worshipper of Vehumet
  2521 | D:3      | Noticed an ogre
  2543 | D:3      | Mangled by an ogre

Levels and vault maps discovered:
D:1:      minmay_arrival_pointy, layout_basic
D:2:      layout_basic, first_ration, uniq_natasha
D:3:      layout_loops_ring, fiery_altar_vehumet, uniq_ijyb

Skill      XL: |  1  2  3  4 |
---------------+-------------+-----
Armour         | 1 |  1.4
Air Magic      | 1 |  1.9
Spellcasting   | 3 |  3.7
Conjurations   | 1 |  1.2
Dodging        | 3 |  3.0
Short Blades   | |  0.9
Stealth        | |  2.0
Transmutations | |  0.7
Poison Magic   | |  3.0

Action                   |  1- 3 |  4- 6 || total
-------------------------+-------+-------++-------
Melee: Unarmed           |     2 |       ||     2
       Peck              |     4 |     3 ||     7
       Short sword       |    17 |    19 ||    36
       Kick              |     2 |     7 ||     9
 Cast: Sting             |     7 |       ||     7
       Poisonous Vapours |    25 |    19 ||    44
       Mephitic Cloud    |       |     2 ||     2
 Stab: Sleeping          |       |     2 ||     2
       Confused          |       |     1 ||     1
  Eat: Chunk             |     3 |     1 ||     4
       Ration            |       |     1 ||     1
Armor: Leather armour    |    11 |     4 ||    15
Dodge: Dodged            |    15 |     8 ||    23

Table legend:
 A = Non-vault XP
 B = Vault XP
 C = Vault XP percentage of total XP
 D = Non-vault monster count
 E = Vault monster count
 F = Vault count percentage of total count
                 A         B        C        D         E       F
            +---------+---------+-------+---------+---------+-------
      Total |     174 |      33 |  15.9 |      50 |       1 |   2.0
            +---------+---------+-------+---------+---------+-------
        D:1 |      35 |       0 |   0.0 |      19 |       0 |   0.0
        D:2 |     121 |      33 |  21.4 |      27 |       1 |   3.6
        D:3 |      18 |       0 |   0.0 |       4 |       0 |   0.0
            +---------+---------+-------+---------+---------+-------
